[Event "Rapid della Domenica"]
[Site "Chess.com"]
[Date "2020.05.24"]
[Round "1"]
[White "OMatteoWuO"]
[Black "crippo"]
[Result "1/2-1/2"]
[WhiteElo "1229"]
[BlackElo "1553"]
[TimeControl "720+3"]
[EndTime "6:09:14 PDT"]
[Termination "Partita patta per ripetizione di mosse"]

1. d4 d5 2. c4 c6 3. Nc3 Nf6 4. Nf3 e6 5. Be3 Ne4 6. Nxe4 dxe4 7. Ne5 f5 8. h4 Bd6 9. Bg5 Qc7 10. Bf4 O-O 11.
c5 Bxe5 12. Bxe5 Qa5+ 13. Qd2 Qxd2+ 14. Kxd2 Nd7 15. Bd6 Rf7 16. e3 Nf6 17. Bc4 b6 18. b4 b5 19. Bb3 a5 20. a3 axb4 21. axb4 Rfa7 22. Rxa7 Rxa7 23. h5 h6 24. f4 Ra3 25.
Kc3 Ng4 26. Re1 Kf7 27. Re2 Bd7 28. g3 Nf6 29. Ra2 Rxa2 30. Bxa2 Nd5+ 31. Bxd5 exd5 32. Kd2 g6 33. hxg6+ Kxg6 34. Be7 Kh5 35. Bh4 Kg4 36. Ke2 Kh3 37. Kf2 Be8 38. Kg1 Bh5 39. Kf2 Bf3 40.
Kg1 Kg4 41. Kf2 Kh5 42. Kg1 Kg6 43. Kf2 Kh5 44. Kg1 Kg4 45. Kh2 Bd1 46. Kg2 Bf3+ 47. Kh2 Be2 48. Kg2 Bf3+ 49. Kh2 1/2-1/2

[Event "Rapid della Domenica"]
[Site "Chess.com"]
[Date "2020.05.24"]
[Round "1"]
[White "toninoiuorio"]
[Black "APipitone"]
[Result "1-0"]
[WhiteElo "1409"]
[BlackElo "1546"]
[TimeControl "720+3"]
[EndTime "6:14:30 PDT"]
[Termination "toninoiuorio ha vinto per abbandono"]

1. d4 Nf6 2. c4 d5 3. cxd5 Qxd5 4. Nc3 Nc6 5. Nxd5 Nxd5 6. e4 Nb6 7.
d5 Ne5 8. Bf4 Ned7 9. Nf3 c6 10.
dxc6 bxc6 11. Be2 e5 12. Bd2 Bc5 13. O-O O-O 14. Bc3 Bb7 15. Qc2 Bd6 16. Rfd1 Bc7 17.
a4 a5 18. Rd2 Rfe8 19. Rad1 Nc5 20. b3 Ne6 21. Nxe5 Nf4 22. Nf3 Nxe2+ 23. Rxe2 c5 24. Bb2 Ba6 25. Ree1 c4 26. Qc3 f6 27. bxc4 Nxc4 28. Ba1 Bb6 29. e5 fxe5 30. Nxe5 Nxe5 31. Rxe5 Rf8 32. Qb3+ 1-0

[Event "Rapid della Domenica"]
[Site "Chess.com"]
[Date "2020.05.24"]
[Round "1"]
[White "laremaro"]
[Black "SanSecondoPR"]
[Result "1-0"]
[WhiteElo "1572"]
[BlackElo "1309"]
[TimeControl "720+3"]
[EndTime "6:18:14 PDT"]
[Termination "laremaro ha vinto per abbandono"]

1. b3 Nf6 2. Bb2 d5 3. e3 Nc6 4. Nf3 Bg4 5. d4 e6 6. a3 Bd6 7. Be2 Bf5 8. c4 O-O 9. Nc3 Ne4 10. cxd5 Nxc3 11. Bxc3 Ne7 12. dxe6 Nd5 13. exf7+ Kh8 14.
Bb2 c6 15. O-O Bg6 16. Ne5 Qh4 17. g3 Qh6 18. Nxg6+ Qxg6 19. Bf3 Nf6 20. Re1 h5 21. e4 Bc7 22. e5 Ng4 23. Bxg4 hxg4 24. e6 Bd6 25.
Qe2 Be7 26. Qe4 Qg5 27. a4 Rad8 28. Ba3 Bxa3 29. Rxa3 Qe7 30. b4 Rd5 31. Rd3 Rg5 32. d5 cxd5 33. Rxd5 Rxd5 34. Qxd5 Rxf7 35. Qh5+ Kg8 36.
Qxf7+ Qxf7 37. exf7+ Kxf7 38. Re4 1-0

[Event "Rapid della Domenica"]
[Site "Chess.com"]
[Date "2020.05.24"]
[Round "1"]
[White "Mrtre7"]
[Black "Carbon"]
[Result "0-1"]
[WhiteElo "1410"]
[BlackElo "1779"]
[TimeControl "720+3"]
[EndTime "6:24:51 PDT"]
[Termination "Carbon ha vinto per abbandono"]

1. d4 Nf6 2. c4 g6 3. Nc3 Bg7 4. e4 d6 5. Nf3 O-O 6. Be2 e5 7.
Be3 Ng4 8. Bg5 f6 9. Bd2 Nc6 10.
d5 Ne7 11. h3 Nh6 12. O-O f5 13. b4 fxe4 14. Nxe4 Nhf5 15. c5 Nd4 16. Nxd4 exd4 17.
Bd3 Bf5 18. cxd6 cxd6 19. Rc1 Kh8 20. Bf4 Bxe4 21. Bxd6 Qxd6 22. Bxe4 Nxd5 23. Rc5 Nxb4 24. Qc1 Nxa2 25. Qc4 Nc3 26. Rc1 Nxe4 27. Rd5 Qf4 28. f3 Qe3+ 29. Kh2 Nc3 30. Rf1 Nxd5 31. Qxd5 0-1

[Event "Rapid della Domenica"]
[Site "Chess.com"]
[Date "2020.05.24"]
[Round "1"]
[White "malberici"]
[Black "fausto2p"]
[Result "1-0"]
[WhiteElo "1472"]
[BlackElo "1197"]
[TimeControl "720+3"]
[EndTime "6:24:57 PDT"]
[Termination "malberici ha vinto per tempo"]

1. d4 d5 2. c4 c6 3. Nc3 Nf6 4. Nf3 dxc4 5. e3 b5 6. Ne5 e6 7. a3 Bd6 8. f4 Bb7 9. Qf3 Qc7 10. Qg3 O-O 11. Be2 Nbd7 12. O-O a6 13. Bf3 Nb6 14. e4 c5 15. d5 exd5 16. Nxd5 Nbxd5 17. exd5 Rfe8 18. Qf2 Bxd5 19. Bxd5 Nxd5 20. Bd2 Nf6 21. Bc3 Ne4 22. Qc2 Nxc3 23. bxc3 Bxe5 24. fxe5 Rxe5 25. Rad1 Rae8 26. Qf2 Re2 27. Qf5 R2e5 28. Qg4 Re4 29. Qf5 R4e7 30. Qh5 g6 31. Qh6 Qe5 32. Qh4 Qe3+ 33. Kh1 Qxc3 34. h3 Qxa3 35. Qf6 Qe3 36. Qxa6 Qb3 37. Rb1 Qa4 38. Qf6 b4 39. Rbd1 b3 40. Rd8 Rxd8 41.
Qxe7 Rf8 42. Qxc5 1-0

[Event "Rapid della Domenica"]
[Site "Chess.com"]
[Date "2020.05.24"]
[Round "1"]
[White "pedrak"]
[Black "sirmale49"]
[Result "1-0"]
[WhiteElo "1692"]
[BlackElo "1390"]
[TimeControl "720+3"]
[EndTime "6:27:18 PDT"]
[Termination "pedrak ha vinto per tempo"]

1. b3 Nf6 2. Bb2 e6 3. e3 g6 4.
d3 Bg7 5. Nd2 O-O 6. g3 d5 7. Bg2 Nc6 8. Ne2 Ne8 9. O-O Bxb2 10. Rb1 Bg7 11. f4 f5 12. Nf3 e5 13. Qd2 e4 14. Ng5 h6 15. Nh3 Qf6 16. d4 Nd6 17.
Rfc1 b6 18. Nc3 Be6 19. Bf1 a6 20. a3 Qf7 21. Nd1 Rfb8 22. Nb2 b5 23. Nd1 Bf8 24.
Ra1 Nb7 25. Nb2 Na7 26. Nd1 Rc8 27. b4 c6 28. Nc3 Nd6 29. Nd1 Rc7 30. c3 Nc4 31.
Bxc4 dxc4 32. Kg2 Rd8 33. Qe2 Be7 34. Ndf2 Rd5 35. Rg1 Bf6 36. Rh1 Qh7 37. Rhd1 Rg7 38. Rh1 g5 39. Kf1 g4 40. Ng1 Qg6 41. Qc2 Rdd7 42.
Ke2 Bd5 43. Kd2 h5 44. Ne2 Rh7 45. Rag1 h4 46. Kc1 h3 47. Kb2 Bd8 48. Ra1 Nc8 49. Ra2 Nb6 50. Raa1 Ra7 51. Rhb1 Na4+ 52. Kc1 a5 53. Kd2 Rhb7 54. Nd1 Nb6 55. Nb2 Qf7 56. Ke1 axb4 57. axb4 Rxa1 58. Rxa1 Ra7 59. Rb1 Na4 60. Nd1 Ra6 61. Nc1 Qa7 62. Kf1 1-0

[Event "Rapid della Domenica"]
[Site "Chess.com"]
[Date "2020.05.24"]
[Round "2"]
[White "crippo"]
[Black "malberici"]
[Result "1-0"]
[WhiteElo "1561"]
[BlackElo "1454"]
[TimeControl "720+3"]
[EndTime "6:37:51 PDT"]
[Termination "crippo ha vinto per abbandono"]

1. e4 Nf6 2. Nc3 e5 3. d3 Bc5 4. Bg5 O-O 5. Nf3 Nc6 6. Be2 d6 7. Nd5 Be6 8. Nxf6+ gxf6 9. Bh6 Re8 10. O-O d5 11.
Nd2 Bf8 12. Bxf8 Rxf8 13. Bg4 Kh8 14. Qf3 Rg8 15. Bxe6 fxe6 16. c3 d4 17. Nb3 Qe7 18. a3 Rg6 19. g3 Rag8 20. cxd4 Nxd4 21. Nxd4 exd4 22. Rac1 c5 23. Rc4 e5 24. Rfc1 b6 25.
a4 Qe6 26. b4 Qh3 27. bxc5 Rh6 28. Qg2 bxc5 29. Rxc5 Qe6 30. Qf3 Qh3 31. Qg2 Qe6 32. Rd5 Qa6 33. Rc4 Qb7 34. Qf1 Rh4 35. Rb5 Qf7 36. Qg2 Rh6 37. Qf3 Qh5 38. Qxh5 Rxh5 39. Rc6 Rg6 40. Rb7 Rg8 41. Rxa7 f5 42. exf5 Rxf5 43.
Rcc7 Rh5 44. a5 Rb8 45. a6 Kg8 46. Rab7 Ra8 47. a7 1-0

[Event "Rapid della Domenica"]
[Site "Chess.com"]
[Date "2020.05.24"]
[Round "2"]
[White "SanSecondoPR"]
[Black "Mrtre7"]
[Result "0-1"]
[WhiteElo "1302"]
[BlackElo "1417"]
[TimeControl "720+3"]
[EndTime "6:48:47 PDT"]
[Termination "Mrtre7 ha vinto per abbandono"]

1. e4 c5 2. d4 cxd4 3. Nf3 Nc6 4. Nxd4 g6 5. Nb3 Bg7 6. Qd2 Nf6 7. Nc3 O-O 8. Bd3 d5 9. O-O dxe4 10. Nxe4 Nxe4 11. Bxe4 Qxd2 12. Nxd2 Be6 13. c3 Rfd8 14. Nf3 Bc4 15. Re1 Rd7 16. Be3 f5 17. Bc2 e5 18. g3 Rad8 19. Bg5 Re8 20. Nd4 Nxd4 21. cxd4 e4 22. Be3 Bxd4 23. Red1 Red8 24. b3 Be2 25. Rxd4 Rxd4 26. Bxd4 Rxd4 27. b4 Rxb4 28. Bb3+ Kg7 29. Rc1 a5 30. Rc7+ Kh6 31. Rc3 a4 32.
Bc2 Rd4 33. h4 b5 34. Re3 Bf3 35. Kh2 Rd2 36. Rc3 Rxf2+ 37. Kg1 Rg2+ 38. Kf1 Rxg3 39. Bd1 Bg2+ 0-1

[Event "Rapid della Domenica"]
[Site "Chess.com"]
[Date "2020.05.24"]
[Round "2"]
[White "toninoiuorio"]
[Black "pedrak"]
[Result "1-0"]
[WhiteElo "1464"]
[BlackElo "1679"]
[TimeControl "720+3"]
[EndTime "6:49:03 PDT"]
[Termination "toninoiuorio ha vinto per abbandono"]

1. d4 b6 2. c4 e6 3. a3 Bb7 4. d5 e5 5. Nc3 d6 6. g3 g6 7. Nf3 h6 8. Bh3 Bg7 9. Rb1 Ne7 10. Qc2 O-O 11. b4 Bc8 12. Bg2 f5 13. O-O Nd7 14. e3 Nf6 15. h3 Bd7 16. Nd2 Qe8 17. Re1 g5 18. a4 Kh8 19. c5 Ng6 20. Bb2 Qf7 21.
cxd6 cxd6 22. Rbc1 Rac8 23. b5 Ne7 24. Qb3 f4 25.
gxf4 exf4 26. exf4 gxf4 27. Nce4 Nxe4 28. Bxe4 Bxb2 29.
Qxb2+ Qg7+ 30. Qxg7+ Kxg7 31. Nc4 Bxh3 32. Nxd6 Rxc1 33.
Rxc1 Kf6 34. Rc3 Bg4 35. f3 Nc8 36. Nb7 Bh5 37. d6 Nxd6 38. Nxd6 Ke5 39. Nc4+ Kd4 40. Rc2 Rg8+ 41. Kf1 Rg3 42. Kf2 Rh3 43. Nd2 Rh2+ 44. Kf1 Rh1+ 45. Kf2 Ra1 46. Nb3+ 1-0

[Event "Rapid della Domenica"]
[Site "Chess.com"]
[Date "2020.05.24"]
[Round "2"]
[White "sirmale49"]
[Black "fausto2p"]
[Result "1-0"]
[WhiteElo "1394"]
[BlackElo "1191"]
[TimeControl "720+3"]
[EndTime "6:51:10 PDT"]
[Termination "sirmale49 ha vinto per abbandono"]

1. b3 d5 2. e3 Nf6 3. Nf3 c5 4. Bb2 Nc6 5. c4 e6 6. d4 cxd4 7. Nxd4 Bb4+ 8. Bc3 Bxc3+ 9. Nxc3 Qa5 10. Qc2 Nxd4 11. exd4 Ne4 12. Rc1 O-O 13. Bd3 Nxc3 14. Qxc3 Qxa2 15. O-O Qa3 16. Ra1 Qd6 17. c5 Qe7 18. f4 Bd7 19. Rf3 a6 20. Rh3 h6 21.
Be2 Qf6 22. Rf3 Rfc8 23. Bd3 b6 24. Rxa6 Rxa6 25. Bxa6 Rc7 26. Be2 bxc5 27. dxc5 Qxc3 28. Rxc3 Bc6 29. b4 Rb7 30. Rb3 Kf8 31. Kf2 Ke7 32. Ke3 f6 33. g4 g6 34. h4 e5 35. fxe5 fxe5 36. b5 d4+ 37. Kf2 Be8 38. Bc4 Rc7 39. c6 Bf7 40. Bxf7 Kxf7 41. Kf3 Ke6 42. Ke4 Kd6 43.
h5 gxh5 44. gxh5 Rf7 45. Rg3 Rf4+ 46. Kd3 Rf7 47. Rg6+ Kc5 48. Rxh6 Kxb5 49. Ke4 Re7 50. Rd6 Kc5 51. Rd8 Kxc6 52. h6 Kc5 53. Rd5+ Kc4 54. Rxe5 Rh7 55. Re6 Kc3 56. Rc6+ Kb4 57. Kxd4 Kb5 58.
Rf6 Kb4 59. Ke5 Kc5 60. Kf5 Kd5 61. Kg6 Rh8 62. Kg7 Rb8 63. Rf7 Ke6 64. Ra7 Kf5 65.
h7 Ke6 66. h8=Q Rxh8 67. Kxh8 Kd5 68. Kg7 Ke5 69. Kf7 Kd5 70. Ra4 Ke5 71. Ra6 Kd5 72.
Ke7 Ke5 73. Ra5+ Kd4 74. Ke6 Kc4 75. Kd6 Kb4 76. Rh5 Kc4 77. Rg5 Kd4 78. Rg4+ Ke3 79. Kd5 Kf3 80. Ra4 Ke3 81. Rb4 Kf3 82. Ke5 Ke3 83.
Rb3+ 1-0

[Event "Rapid della Domenica"]
[Site "Chess.com"]
[Date "2020.05.24"]
[Round "2"]
[White "Carbon"]
[Black "laremaro"]
[Result "1/2-1/2"]
[WhiteElo "1773"]
[BlackElo "1577"]
[TimeControl "720+3"]
[EndTime "6:51:26 PDT"]
[Termination "Partita patta per ripetizione di mosse"]

1. e4 d5 2. exd5 Qxd5 3. Nc3 Qd6 4. g3 e5 5. Bg2 Nc6 6. d3 Nf6 7. Nge2 Bg4 8. h3 Bf5 9. O-O Be7 10. Be3 Qd7 11. g4 Be6 12. Ng3 Nd5 13. Nxd5 Bxd5 14. Ne4 O-O 15. c4 Be6 16. Qe2 Rad8 17. Rad1 Nd4 18. Bxd4 Qxd4 19. Nc3 c6 20. a3 a5 21.
Rfe1 f6 22. Qe3 Rfe8 23. Be4 Bf7 24. Rd2 Bxc4 25. Red1 Qxe3 26. fxe3 Bf7 27. Rc1 Bc5 28. Kf2 Ba7 29. Na4 Bd5 30. Nc3 Bf7 31. Na4 Bd5 32. Nc3 Bf7 1/2-1/2

[Event "Rapid della Domenica"]
[Site "Chess.com"]
[Date "2020.05.24"]
[Round "2"]
[White "APipitone"]
[Black "OMatteoWuO"]
[Result "1-0"]
[WhiteElo "1567"]
[BlackElo "1226"]
[TimeControl "720+3"]
[EndTime "6:52:15 PDT"]
[Termination "APipitone ha vinto per abbandono"]

1. e4 c5 2. Nf3 Nc6 3. d4 cxd4 4. Nxd4 Nf6 5. Nc3 d6 6. Bb5 Bd7 7. O-O a6 8. Be2 b5 9. a3 e6 10. Be3 Rc8 11. f4 Be7 12. Bf3 O-O 13. Nde2 Qc7 14. Ng3 Na5 15. Be2 Nc4 16. Bxc4 Qxc4 17. h3 d5 18. e5 Ne8 19. Qg4 d4 20. Nce4 dxe3 21. Nf6+ Bxf6 22. exf6 Nxf6 23. Qh4 e2 24. Rfe1 Qxc2 25. Rxe2 Qc5+ 26. Kh2 Qe7 27. Re5 Rc2 28. Nh5 Nxh5 29. Qxe7 Nxf4 30. Rg1 Ng6 31. Qxd7 Nxe5 32.
Qd1 Rxb2 33. Kh1 Rc8 34. Qd4 Re2 35. Rd1 h6 36. Qa7 Rcc2 37. Qxa6 Rxg2 38. Qa8+ Kh7 39.
Qxg2 Rxg2 40. Kxg2 Nc4 41. Rd3 Kg6 42. Rb3 Kf5 43. Rxb5+ Ke4 44. a4 e5 45. Kf2 f5 46.
Ke2 g5 47. Rb4 Kd4 48. a5 e4 49. a6 Kc5 50. a7 f4 51. Rxc4+ Kxc4 52. a8=Q f3+ 53.
Ke3 1-0

[Event "Rapid della Domenica"]
[Site "Chess.com"]
[Date "2020.05.24"]
[Round "3"]
[White "laremaro"]
[Black "crippo"]
[Result "0-1"]
[WhiteElo "1567"]
[BlackElo "1572"]
[TimeControl "720+3"]
[EndTime "6:59:06 PDT"]
[Termination "crippo ha vinto per abbandono"]

1. b3 e5 2. Bb2 Nc6 3. e3 d5 4. Bb5 Bd6 5. Nf3 f6 6. d4 e4 7.
Nh4 Ne7 8. g3 O-O 9. Qh5 Be6 10.
c4 Bf7 11. Qg4 a6 12. Bxc6 bxc6 13. Nf5 Nxf5 14. Qxf5 Bg6 15. Qg4 f5 16. Qe2 Bb4+ 17.
Nc3 Qg5 18. h4 Qh6 19. O-O Bh5 20. Qd2 Bf3 21. a3 Bxc3 22. Bxc3 Qh5 23. Rfb1 Qg4 24. Kh2 Rf6 25. Qe1 g5 26. Qf1 gxh4 27. Qh3 hxg3+ 28.
Qxg3 Rh6+ 0-1

[Event "Rapid della Domenica"]
[Site "Chess.com"]
[Date "2020.05.24"]
[Round "3"]
[White "sirmale49"]
[Black "APipitone"]
[Result "0-1"]
[WhiteElo "1389"]
[BlackElo "1602"]
[TimeControl "720+3"]
[EndTime "7:04:33 PDT"]
[Termination "APipitone ha vinto per abbandono"]

1. e4 c5 2. f4 Nc6 3. Nf3 d6 4.
Nc3 e6 5. Bb5 Bd7 6. O-O Nf6 7.
d3 Be7 8. a3 O-O 9. Be3 a6 10.
Bc4 Rb8 11. d4 cxd4 12. Nxd4 b5 13. Bb3 Nxd4 14. Bxd4 b4 15. Na4 bxa3 16. bxa3 Bxa4 17. Bxa4 Nxe4 18. Re1 d5 19. c3 Bf6 20. Qd3 Qa5 21. Bc2 Bxd4+ 22. cxd4 Rb2 23. Reb1 Rfb8 24. Rxb2 Rxb2 25.
h3 Qc7 26. Rc1 g6 27. Qxa6 Qxf4 28. Bxe4 Qxc1+ 0-1

[Event "Rapid della Domenica"]
[Site "Chess.com"]
[Date "2020.05.24"]
[Round "3"]
[White "pedrak"]
[Black "malberici"]
[Result "1-0"]
[WhiteElo "1683"]
[BlackElo "1444"]
[TimeControl "720+3"]
[EndTime "7:05:21 PDT"]
[Termination "pedrak ha vinto per abbandono"]

1. d4 Nf6 2. Nf3 e6 3. Bf4 Bb4+ 4. c3 Ba5 5. Nbd2 Nc6 6. e3 Bb6 7. Bd3 d6 8. Bg5 h6 9. Bh4 g5 10. Bg3 Nh5 11. Qe2 Nxg3 12. hxg3 Bd7 13. e4 Qe7 14. Nc4 g4 15. Nh4 h5 16. Nxb6 cxb6 17. O-O O-O-O 18. b4 Kb8 19. a4 Qf6 20. a5 bxa5 21. bxa5 Qg5 22. Rfb1 Bc8 23. Qb2 Nxa5 24. Ba6 Rd7 25. Bb5 b6 26. Bxd7 Bxd7 27. d5 Qe5 28. Rxa5 Qxe4 29. Rxa7 Qxb1+ 30. Qxb1 Kxa7 31. Qb4 Rb8 32. Qxd6 Bb5 33. dxe6 fxe6 34. Qxe6 Re8 35. Qf7+ Ka6 36.
Qxh5 Re1+ 37. Kh2 Re2 38. Qf5 Bc6 39. Qd3+ Bb5 40. c4 1-0

[Event "Rapid della Domenica"]
[Site "Chess.com"]
[Date "2020.05.24"]
[Round "3"]
[White "fausto2p"]
[Black "SanSecondoPR"]
[Result "0-1"]
[WhiteElo "1183"]
[BlackElo "1309"]
[TimeControl "720+3"]
[EndTime "7:08:11 PDT"]
[Termination "SanSecondoPR ha vinto per abbandono"]

1. d4 d5 2. c4 e5 3. dxe5 d4 4. Nf3 Nc6 5. a3 Bg4 6. b4 Bxf3 7. gxf3 Nxe5 8. Nd2 Qe7 9. Bg2 O-O-O 10. O-O h5 11. Qa4 Kb8 12. Bb2 h4 13. h3 Rh6 14. b5 Rg6 15.
Kh1 Qg5 16. b6 Rxb6 17. Ne4 Qf4 18. Bc1 Qf5 19. f4 Ng6 20. e3 Nf6 21. Nxf6 gxf6 22. exd4 Nxf4 23. Be3 Nxg2 24. Kxg2 Qe4+ 25. Kh2 Bd6+ 26.
Kg1 Rg8+ 0-1

[Event "Rapid della Domenica"]
[Site "Chess.com"]
[Date "2020.05.24"]
[Round "3"]
[White "Mrtre7"]
[Black "OMatteoWuO"]
[Result "1-0"]
[WhiteElo "1422"]
[BlackElo "1221"]
[TimeControl "720+3"]
[EndTime "7:11:45 PDT"]
[Termination "Mrtre7 ha vinto per scaccomatto"]

1. d4 Nf6 2. c4 g6 3. Nc3 Bg7 4. e4 d6 5. Nf3 Nbd7 6. Be2 O-O 7.
O-O a5 8. Be3 e5 9. d5 Nc5 10.
Bxc5 dxc5 11. Nxe5 Nxe4 12. Nxf7 Nxc3 13. Nxd8 Nxd1 14. Ne6 Bxe6 15. dxe6 Nxb2 16. Rab1 Rfe8 17. Bg4 b6 18. Rfe1 Nxc4 19. Rbd1 Ne5 20. Bh3 Re7 21.
f4 Nc6 22. Rd7 Ree8 23. Rxc7 Nd4 24. e7 Bf6 25. Rc8 Kf7 26. Rc7 Bxe7 27. Kf2 Nf5 28. g4 Nd4 29. f5 g5 30. Bg2 Kf8 31. Bxa8 Rxa8 32. Rexe7 Nb5 33. Rb7 Rd8 34. Rxh7 Rd2+ 35. Ke1 Rxa2 36. Rh8# 1-0

[Event "Rapid della Domenica"]
[Site "Chess.com"]
[Date "2020.05.24"]
[Round "3"]
[White "Carbon"]
[Black "toninoiuorio"]
[Result "0-1"]
[WhiteElo "1755"]
[BlackElo "1517"]
[TimeControl "720+3"]
[EndTime "7:16:26 PDT"]
[Termination "toninoiuorio ha vinto per abbandono"]

1. e4 c5 2. Nf3 e6 3. c3 Nf6 4. d3 d5 5. e5 Nfd7 6. d4 Nc6 7.
Be3 Be7 8. Be2 O-O 9. O-O b6 10.
Nbd2 h6 11. a3 Qe8 12. b4 a6 13. Nb3 cxd4 14. cxd4 b5 15. Rc1 Nb6 16. Nc5 Nc4 17.
Bxc4 dxc4 18. d5 exd5 19. Qxd5 a5 20. Nd4 Bxc5 21. Nxc6 Bxe3 22. Rce1 Be6 23. Qf3 Bd7 24. Nxa5 Bb6 25. Qc3 Qe6 26. Kh1 Qe7 27. f4 Bxa5 28.
bxa5 Ra6 29. f5 Qc5 30. Rd1 Bc6 31. Rd6 Bb7 32. Rxa6 Bxa6 33. Qg3 Re8 34. f6 g6 35.
Qf4 Kh7 36. Re1 c3 37. e6 fxe6 38. f7 Rf8 39. Rxe6 Qd5 40. Rf6 Qd1+ 41. Qf1 Qxf1+ 42. Rxf1 b4 43. Rc1 Rxf7 44. axb4 c2 45. h3 Bd3 46.
Kh2 Rb7 47. a6 Rxb4 48. a7 Ra4 0-1

[Event "Rapid della Domenica"]
[Site "Chess.com"]
[Date "2020.05.24"]
[Round "4"]
[White "crippo"]
[Black "toninoiuorio"]
[Result "0-1"]
[WhiteElo "1561"]
[BlackElo "1550"]
[TimeControl "720+3"]
[EndTime "7:28:11 PDT"]
[Termination "toninoiuorio ha vinto per abbandono"]

1. e4 c5 2. Nc3 e6 3. Nf3 d6 4.
Be2 Nf6 5. d3 Nc6 6. Bg5 Be7 7.
O-O Nd4 8. Nxd4 cxd4 9. Nb1 Bd7 10. Nd2 h6 11. Bh4 O-O 12. b3 Rc8 13. a4 Nd5 14. exd5 Bxh4 15. dxe6 Bxe6 16. Nc4 Qc7 17. Bg4 Rce8 18.
Qf3 d5 19. Bxe6 fxe6 20. Qg4 Bxf2+ 21. Rxf2 Rxf2 22. Kxf2 dxc4 23. bxc4 Qxh2 24. Rf1 Rf8+ 25. Ke2 Qe5+ 26. Qe4 Qxe4+ 27. dxe4 Rxf1 28. Kxf1 Kf7 29. Ke2 g5 30. e5 h5 31. Kd3 h4 32. Kxd4 Kg6 33. Ke4 g4 34. Kf4 g3 35. Kg4 b6 36. a5 bxa5 37. c5 h3 38. Kxg3 Kf7 39. c6 Ke7 40. gxh3 Kd8 41. h4 a4 42. h5 a3 43. h6 Kc7 44. h7 a2 45. h8=Q a1=Q 46.
Qh1 Qxh1 0-1

[Event "Rapid della Domenica"]
[Site "Chess.com"]
[Date "2020.05.24"]
[Round "4"]
[White "malberici"]
[Black "laremaro"]
[Result "0-1"]
[WhiteElo "1430"]
[BlackElo "1573"]
[TimeControl "720+3"]
[EndTime "7:35:57 PDT"]
[Termination "laremaro ha vinto per abbandono"]

1. d4 Nf6 2. c4 e6 3. Nc3 d5 4.
e3 Be7 5. Nf3 O-O 6. cxd5 exd5 7. Bd3 c6 8. O-O Re8 9. Ne5 Nbd7 10. Ne2 Nf8 11. Ng3 Be6 12. f4 c5 13. f5 Bc8 14.
b3 cxd4 15. exd4 Qb6 16. Be3 Bd6 17. Qf3 Bd7 18. Kh1 Bb5 19. h3 Bxd3 20. Nxd3 Rac8 21.
Bg1 Ne4 22. Ne5 Nd2 23. Qxd5 Nxf1 24. Qxf7+ Kh8 25. Nh5 Qc7 26. Rxf1 Bxe5 27. Qxc7 Bxc7 28. f6 g6 29. Ng7 Re2 30. d5 Bd8 31. Bd4 h6 32.
Ne8 Rcc2 33. f7+ Kh7 34. Nf6+ Bxf6 35. Bxf6 Rxg2 36. Re1 Rh2+ 37. Kg1 Rcg2+ 38. Kf1 Rh1+ 39. Kxg2 Rxe1 40. d6 Rd1 41. Be7 Kg7 0-1

[Event "Rapid della Domenica"]
[Site "Chess.com"]
[Date "2020.05.24"]
[Round "4"]
[White "OMatteoWuO"]
[Black "fausto2p"]
[Result "0-1"]
[WhiteElo "1210"]
[BlackElo "1195"]
[TimeControl "720+3"]
[EndTime "7:36:16 PDT"]
[Termination "fausto2p ha vinto per abbandono"]

1. d4 d5 2. c4 c6 3. Nc3 Nf6 4. Nf3 dxc4 5. e3 b5 6. a4 Qa5 7. Bd2 b4 8. Na2 c3 9. bxc3 b3 10. Qxb3 Ne4 11. Ne5 Nxd2 12. Qxf7+ Kd8 13. Kxd2 Qxa4 14.
Bc4 Qa3 15. Nb4 Qb2+ 16. Kd3 g6 17. Nbxc6+ Nxc6 18.
Nxc6+ Kc7 19. Nxe7 Bxe7 20. Qxe7+ Kc6 21. Ra6+ Bxa6 22.
Qc5+ Kd7 23. Bxa6 Qxf2 24. Bb5+ Ke6 25. Qe5+ Kf7 26. Bc4+ Kf8 27. Qd6+ Kg7 28. Qe7+ Kh6 29. h4 Qf5+ 30. e4 Qf2 31. Qg5+ Kg7 32. h5 Rhf8 33. h6+ Kh8 34. Qe5+ Rf6 35. Qd5 Qg3+ 36. Kc2 Rf2+ 37. Kb1 Rb8+ 38. Bb3 Qd3+ 39. Ka1 Qxc3+ 40. Kb1 Rxb3+ 0-1

[Event "Rapid della Domenica"]
[Site "Chess.com"]
[Date "2020.05.24"]
[Round "4"]
[White "SanSecondoPR"]
[Black "sirmale49"]
[Result "1-0"]
[WhiteElo "1321"]
[BlackElo "1379"]
[TimeControl "720+3"]
[EndTime "7:37:38 PDT"]
[Termination "SanSecondoPR ha vinto per abbandono"]

1. e4 e5 2. d4 d6 3. dxe5 Nc6 4. exd6 Qxd6 5. Qxd6 cxd6 6. Nc3 Be6 7. Bg5 f6 8. Bh4 O-O-O 9. O-O-O Nge7 10. Nf3 g5 11.
Bg3 Ng6 12. h4 g4 13. Nd2 h5 14. Bd3 Nce5 15. Be2 Bg7 16. f4 gxf3 17. gxf3 Rd7 18. f4 Nc4 19. f5 Nxd2 20. Rxd2 Bxf5 21. exf5 Ne5 22. Nd5 Rg8 23. Nf4 Bf8 24. Bf2 Ng4 25. Bxg4 Rxg4 26. Ng6 Bh6 27. Be1 Bxd2+ 28. Bxd2 Rg2 29. Nf4 Rf2 30. Rg1 Kc7 31. Nd5+ Kc6 32. Nxf6 Rg7 33. Rd1 Rxf5 34. Bc3 Rf7 35. Ne4 d5 36.
Ng5 Rd7 37. Ne6 Kd6 38. Nd4 Rf4 39. Bb4+ Ke5 40. c3 Rc7 41. Re1+ Kf6 42. Bd6 Rxd4 43.
Bxc7 Rg4 44. Kc2 Kf5 45. Re5+ Kf4 46. Rxd5+ Ke4 47. Rd4+ Kf3 48. Rxg4 hxg4 49. Kd3 1-0

[Event "Rapid della Domenica"]
[Site "Chess.com"]
[Date "2020.05.24"]
[Round "4"]
[White "APipitone"]
[Black "Carbon"]
[Result "0-1"]
[WhiteElo "1569"]
[BlackElo "1761"]
[TimeControl "720+3"]
[EndTime "7:40:41 PDT"]
[Termination "Carbon ha vinto per abbandono"]

1. e4 e6 2. d4 d5 3. Nc3 Nf6 4. e5 Nfd7 5. f4 c5 6. Nf3 Nc6 7. Be2 cxd4 8. Nxd4 Nxd4 9. Qxd4 Bc5 10. Qd3 a6 11. Be3 O-O 12. Bxc5 Nxc5 13. Qe3 d4 14. Qf2 dxc3 15. Qxc5 Qd2+ 16. Kf1 cxb2 17. Rd1 Qxf4+ 18. Bf3 Bd7 19. Kf2 Bc6 20. Rd4 Qc1 21. Rdd1 Qf4 22. Qb6 Bxf3 23. gxf3 Qxe5 24. Rb1 Rad8 25. Qe3 Qb5 26.
Rhg1 Rd5 27. Rg4 Rc8 28. c4 Rxc4 29. Rxc4 Qxc4 30. Rxb2 b5 31. Kg3 Rh5 32. f4 Rd5 33.
Qa7 Qc3+ 34. Kg4 h5+ 35. Kh4 Qxb2 0-1

[Event "Rapid della Domenica"]
[Site "Chess.com"]
[Date "2020.05.24"]
[Round "4"]
[White "Mrtre7"]
[Black "pedrak"]
[Result "1/2-1/2"]
[WhiteElo "1428"]
[BlackElo "1678"]
[TimeControl "720+3"]
[EndTime "7:44:21 PDT"]
[Termination "Patta d'accordo"]

1. d4 d5 2. c4 e6 3. Nc3 c6 4.
e3 Nf6 5. Bd3 Bd6 6. Nf3 Nbd7 7.
O-O O-O 8. Re1 dxc4 9. Bxc4 e5 10. d5 e4 11. Ng5 Qe7 12. dxc6 bxc6 13. Qc2 Ng4 14.
Ngxe4 Bxh2+ 15. Kf1 Be5 16. Be2 f5 17. Bxg4 fxg4 18. Ne2 c5 19. Bd2 Ba6 20. Kg1 Qh4 21.
N2g3 Rxf2 22. Kxf2 Rf8+ 23. Kg1 Bxg3 24. Nxg3 Qxg3 25. Bc3 Qh4 26. Rad1 g3 27. Qb3+ Kh8 28. Bxg7+ Kxg7 29. Rxd7+ Kg6 30. Qe6+ Rf6 31. Qh3 Qxh3 32. gxh3 Bc8 33. Rxa7 Bxh3 34. Rc7 Rf2 35. Rc6+ Kf7 36. Rxc5 Rxb2 37. Rd1 Rg2+ 38. Kh1 Rh2+ 39. Kg1 Rxa2 40.
e4 Ra4 41. e5 Re4 42. Rc7+ Ke6 43. Rd8 Bf5 44. Re8+ Kd5 45. Rd8+ Kxe5 46. Re8+ Kf4 47. Rxe4+ Kxe4 48. Kg2 Kf4 49. Rf7 Kg4 50. Rxf5 Kxf5 51. Kxg3 Kg5 52. Kh3 h5 53. Kh2 Kh4 54. Kh1 Kh3 55. Kg1 1/2-1/2

[Event "Rapid della Domenica"]
[Site "Chess.com"]
[Date "2020.05.24"]
[Round "5"]
[White "Carbon"]
[Black "pedrak"]
[Result "1-0"]
[WhiteElo "1769"]
[BlackElo "1672"]
[TimeControl "720+3"]
[EndTime "7:52:30 PDT"]
[Termination "Carbon ha vinto per abbandono"]

1. e4 Nf6 2. Nc3 d5 3. e5 d4 4. exf6 dxc3 5. fxg7 cxd2+ 6. Qxd2 Bxg7 7. Qxd8+ Kxd8 8.
Bc4 e6 9. c3 b6 10. Bg5+ f6 11.
Be3 Ke7 12. O-O-O Bb7 13. Nf3 Nc6 14. Rhe1 Na5 15. Bxe6 Bxf3 16. gxf3 Rhd8 17. Bd5 c6 18. Bxb6+ Kf8 19. Bc5+ 1-0

[Event "Rapid della Domenica"]
[Site "Chess.com"]
[Date "2020.05.24"]
[Round "5"]
[White "SanSecondoPR"]
[Black "crippo"]
[Result "0-1"]
[WhiteElo "1317"]
[BlackElo "1565"]
[TimeControl "720+3"]
[EndTime "7:56:42 PDT"]
[Termination "crippo ha vinto per abbandono"]

1. e4 e5 2. d4 exd4 3. c3 dxc3 4.
Bc4 Nc6 5. Nxc3 d6 6. Qb3 Qe7 7. Nf3 Nf6 8. O-O Qd7 9. e5 dxe5 10. Rd1 Qe7 11. Bg5 h6 12. Nd5 Qc5 13. Bxf6 gxf6 14. Nxf6+ Ke7 15. Nd5+ Kd8 16. Nf6+ Bd6 17. Rd5 Qb6 18.
Qc2 Nb4 19. Qc3 Nxd5 20. Nxd5 Qc5 21. b4 Qc6 22. Rd1 Be6 23. Nxe5 Qe8 24. Nf6 Qe7 25. Ne4 Rg8 26. Nxd6 cxd6 27. Nf3 Rc8 28. Rd4 d5 29. Ne5 Qg5 30. Qg3 Rxc4 31. f4 Qxg3 32.
hxg3 Rxd4 33. Nf3 Rxb4 0-1